 Dungeon Crawl Stone Soup version 0.19-a0-1254-gb9c29c0 (webtiles) character file.

423 rlgrobin the Slasher (level 7, 0/52 HPs)
             Began as a Formicid Abyssal Knight on Aug 27, 2016.
             Was a Priest of Lugonu.
             Slain by a white imp (3 damage)
             ... summoned by Eustachio
             ... on level 3 of the Dungeon.
             The game lasted 00:05:37 (3742 turns).

rlgrobin the Slasher (Formicid Abyssal Knight)      Turns: 3742, Time: 00:05:38

Health: 0/52       AC:  4    Str: 20    XL:     7   Next: 17%
Magic:  10/10      EV: 11    Int: 11    God:    Lugonu [***...]
Gold:   120        SH:  0    Dex: 12    Spells: 0 memorised, 6 levels left

rFire  . . .     SeeInvis +     e - +3 trident of Sequestration {drain, rPois rN+ Str-2}
rCold  . . .     Gourm    .     b - +1 leather armour
rNeg   + + .     Faith    .     (no shield)
rPois  +         Spirit   .     (helmet unavailable)
rElec  .         Dismiss  .     (no cloak)
rCorr  .         Reflect  .     (no gloves)
MR     .....     Harm     .     (no boots)
Stlth  +.........               (no amulet)
                                k - +5 ring of strength
                                d - ring of positive energy

@: no status effects
A: permanent stasis, dig shafts and tunnels, four strong arms, antennae 3
a: Dig, Shaft Self, Depart the Abyss, Bend Space, Banish, Renounce Religion


You were on level 3 of the Dungeon.
You worshipped Lugonu.
Lugonu was most pleased with you.
You were not hungry.

You visited 1 branch of the dungeon, and saw 4 of its levels.
You visited the Abyss 1 time.

You collected 120 gold pieces.

Inventory:

Hand Weapons
 a - a +1 falchion
 e - the +3 trident of Sequestration (weapon) {drain, rPois rN+ Str-2}
   (You found it on level 4 of the Dungeon)

   A truly terrible weapon, it drains the life of those it strikes.
   It affects your strength (-2).
   It protects you from poison.
   It protects you from negative energy.
Armour
 b - a +1 leather armour (worn)
Jewellery
 d - a ring of positive energy (left hand)
 k - a +5 ring of strength (right hand)
Scrolls
 f - 3 scrolls of recharging
Potions
 l - 2 potions of flight
 n - a potion of ambrosia {unknown}
Comestibles
 c - 2 bread rations
 h - a beef jerky
 i - 3 fruits
 j - a chunk of flesh


   Skills:
 - Level 3.2 Fighting
 * Level 6.2 Long Blades
 - Level 2.1 Armour
 - Level 0.8 Dodging
 + Level 4.7 Invocations


You had 6 spell levels left.
You didn't know any spells.

Dungeon Overview and Level Annotations

Branches:
Dungeon (4/15)
 Temple: D:4-7

Altars:
Dithmenos
Gozag
Makhleb
Xom

Annotations:
D:3 Eustachio


Innate Abilities, Weirdness & Mutations

You are under a permanent stasis effect.
You can dig through walls and to a lower floor.
Your four strong arms can wield two-handed weapons with a shield.
You have a pair of large antennae on your head. (SInv)


Message History

Eustachio is heavily wounded.
Eustachio gestures wildly while chanting.
Eustachio barely misses you.
You puncture Eustachio!
Eustachio is almost dead.
The ufetubus misses you. The ufetubus closely misses you.
Eustachio hits you but does no damage. The white imp gestures at you.
The puff of frost hits you!
* * * LOW HITPOINT WARNING * * *
The ufetubus hits you.
* * * LOW HITPOINT WARNING * * *
The ufetubus barely misses you.
You feel better. The ufetubus closely misses you.
The ufetubus barely misses you.
Eustachio casts a spell.
The white imp hits you.
* * * LOW HITPOINT WARNING * * *
The white imp freezes you.
You die...

...######### ###≈≈≈.≈≈##
...........# #########≈≈≈....≈≈#
.###.##....# #.....##≈≈.......≈≈
...........####.....#≈≈.........≈
###...#............##≈........[..
#####.....<####....#≈≈..........≈
...................#≈...........≈
########...###...5.#≈.....)....≈≈
#...# ##.@5.'..)........≈# #...#
#..@.#≈.........≈≈# #...#
#....#≈≈.......≈≈## #####
#5...##≈≈....≈≈≈##
####..##≈≈.≈≈≈### ##..###'####
##.....# #######


You could see Eustachio, a white imp, a shadow imp and an ufetubus.

Vanquished Creatures
  A howler monkey (D:4)
  A crimson imp (D:3)
  A hound (D:4)
  3 orc wizards (D:4)
  A worker ant (D:4)
  4 gnolls (D:3)
  9 adders
  An ooze (D:2)
  An adder skeleton (D:4)
  2 worms (D:2)
  2 dart slugs
  4 giant geckos
  12 orcs
  3 giant cockroaches (D:1)
  13 hobgoblins
  A quokka (D:2)
  A ball python (D:2)
  3 bats
  5 giant newts
  6 goblins
  10 kobolds
  A quokka skeleton (D:4)
  4 rats
89 creatures vanquished.

Notes
Turn   | Place    | Note
-------+----------+-------------------------------------------
     0 | Abyss:1  | rlgrobin the Formicid Abyssal Knight began the quest for the Orb.
     0 | Abyss:1  | Reached XP level 1. HP: 18/18 MP: 2/2
     2 | Abyss:1  | Found a corrupted altar of Lugonu.
    35 | D:1      | Escaped the Abyss
    82 | D:1      | Reached XP level 2. HP: 12/24 MP: 3/3
   401 | D:1      | Reached ** piety under Lugonu
   401 | D:1      | Reached skill level 3 in Long Blades
   401 | D:1      | Reached XP level 3. HP: 25/29 MP: 4/4
   811 | D:2      | Reached XP level 4. HP: 35/35 MP: 6/6
  1134 | D:2      | Reached skill level 4 in Long Blades
  1543 | D:2      | Reached XP level 5. HP: 41/41 MP: 7/7
  1570 | D:2      | Found a shadowy altar of Dithmenos.
  2158 | D:3      | Found a burning altar of Makhleb.
  2158 | D:3      | Found a shimmering altar of Xom.
  2185 | D:3      | HP: 3/61 [crimson imp/dagger of chaos (2)]
  2192 | D:3      | HP: 2/61 [poisoned by a crimson imp]
  2528 | D:3      | Reached skill level 5 in Long Blades
  2538 | D:3      | Reached XP level 6. HP: 25/47 MP: 8/8
  3030 | D:3      | Reached *** piety under Lugonu
  3174 | D:4      | Got an encrusted trident
  3175 | D:4      | Identified the +3 trident of Sequestration {drain, rPois rN+ Str-2} (You found it on level 4 of the Dungeon)
  3246 | D:4      | Found an opulent altar of Gozag.
  3453 | D:4      | Reached skill level 6 in Long Blades
  3453 | D:4      | Reached XP level 7. HP: 31/52 MP: 10/10
  3643 | D:4      | Noticed Eustachio
  3740 | D:3      | HP: 1/52 [ufetubus[Eustachio] (2)]
  3742 | D:3      | Slain by a white imp

Vault maps used:
D:1:      grunt_arrival_crossed_arrows
D:2:      nicolae_dithmenos_through_a_glass_darkly
D:3:      grunt_temple_overflow_champion_of_chaos, kennysheep_potato
D:4:      first_bread, grunt_gozag_statues, uniq_eustachio

Skill      XL: |  1  2  3  4  5  6 |
---------------+-------------------+-----
Long Blades    | 3 4 5 6 |  6.2
Invocations    | 3 4 |  4.7
Fighting       | |  3.2
Armour         | |  2.1
Dodging        | |  0.8

Action                   |  1- 3 |  4- 6 |  7- 9 || total
-------------------------+-------+-------+-------++-------
Melee: Falchion          |   115 |   218 |       ||   333
       Trident           |       |    39 |    28 ||    67
Invok: Bend Space        |       |     1 |       ||     1
 Abil: Dig               |       |       |     1 ||     1
  Use: Scroll            |     3 |     8 |     1 ||    12
       Potion            |       |     2 |     1 ||     3
 Stab: Invisible         |       |     3 |       ||     3
  Eat: Chunk             |       |     9 |     1 ||    10
Armor: Leather armour    |    20 |    34 |     6 ||    60
       Skin              |       |    10 |       ||    10
Dodge: Dodged            |    56 |   119 |    15 ||   190
